 Dungeon Crawl Stone Soup version 0.17.0-56-gd8de76c (webtiles) character file.

2242 kosy22 the Ducker (level 9, -14/88 HPs)
             Began as a Troll Fighter on Dec 5, 2015.
             Was an Initiate of Qazlal.
             Demolished by an orc warrior
             ... wielding a +1 mace of draining
              (20 damage)
             ... on level 7 of the Dungeon.
             The game lasted 00:17:46 (6499 turns).

kosy22 the Ducker (Troll Fighter)                   Turns: 6499, Time: 00:17:46

Health: -14/88     AC:  6    Str: 33    XL:     9   Next: 14%
Magic:  8/8        EV: 10    Int:  4    God:    Qazlal [......]
Gold:   367        SH:  0    Dex:  9    Spells: 0 memorised, 8 levels left

rFire  . . .     SeeInvis .     B - +7 quarterstaff of Sixoijac {holy, rC+ Str+4 Stlth+}
rCold  + . .     Clarity  .     a - +0 robe
rNeg   . . .     SustAt   .     (shield currently unavailable)
rPois  +         Gourm    +     (helmet restricted)
rElec  .         Spirit   .     o - +0 cloak
rCorr  .         Warding  .     (gloves unavailable)
rMut   .         Stasis   .     (boots unavailable)
MR     .....                    (no amulet)
Stlth  +++.......               A - ring of poison resistance
                                q - ring of stealth

@: flying, very heavily drained, not resistant to hostile enchantments, fairly
stealthy
A: unfitting armour, claws 3, fast metabolism 3, gourmand, regeneration 2,
shaggy fur 1, tough skin 2
a: Renounce Religion


You were on level 7 of the Dungeon.
You worshipped Qazlal.
Qazlal was noncommittal.
You were not hungry.

You visited 1 branch of the dungeon, and saw 9 of its levels.
You also visited: Sewer.

You collected 367 gold pieces.

Inventory:

Hand Weapons
 B - the +7 quarterstaff of Sixoijac (weapon) {holy, rC+ Str+4 Stlth+}
   (You found it on level 4 of the Dungeon)

   It has been blessed by the Shining One to cause great damage to the undead
   and demons.
   It affects your strength (+4).
   It protects you from cold.
   It makes you more stealthy.
Missiles
 u - a throwing net (quivered)
Armour
 a - a +0 robe (worn)
 b - a +0 shield
 o - a +0 cloak (worn)
Jewellery
 e - an uncursed amulet of resist mutation
 q - a ring of stealth (left claw)
 s - an uncursed ring of ice
 y - an uncursed amulet of resist mutation
 A - a ring of poison resistance (right claw)
 M - a +4 ring of intelligence {unknown}
Wands
 E - a wand of fire (5)
 G - a wand of random effects (8)
 H - a wand of slowing (28)
Scrolls
 j - 9 scrolls of remove curse {unknown}
 m - 3 scrolls of identify
 n - a scroll of fog {unknown}
 p - 2 scrolls of recharging {unknown}
 r - a scroll of random uselessness {unknown}
 t - a scroll of magic mapping {unknown}
 z - a scroll of enchant weapon {unknown}
 C - a scroll of teleportation {unknown}
 F - 2 scrolls of noise {unknown}
 I - a scroll of fear {unknown}
 J - a scroll of amnesia {unknown}
Potions
 c - 3 potions of might
 f - a potion of agility
 k - 2 potions of curing {unknown}
 l - a potion of lignification {unknown}
 v - a potion of poison {unknown}
 w - a potion of ambrosia {unknown}
 x - 2 potions of flight
 D - a potion of degeneration {unknown}
 K - 3 potions of heal wounds {unknown}
 L - a potion of berserk rage {unknown}
Comestibles
 d - 2 bread rations
 g - a fruit
 h - 2 meat rations
 i - a royal jelly
 N - a beef jerky


   Skills:
 + Level 5.1(0.9) Fighting
 + Level 3.0(0.0) Staves
 + Level 0.5(0.0) Throwing
 + Level 6.6(2.3) Dodging
 + Level 1.6(0.0) Stealth
 + Level 4.5(0.4) Shields
 + Level 4.6(0.5) Unarmed Combat


You had 8 spell levels left.
You didn't know any spells.

Dungeon Overview and Level Annotations

Branches:
Dungeon (9/15)             Temple (0/1) D:6
   Lair: D:8-11         Orc: D:9-12

Altars:
Cheibriados
Dithmenos
Elyvilon
Makhleb
Nemelex Xobeh
Okawaru
Qazlal
Ru
Trog


Innate Abilities, Weirdness & Mutations

You are too large for most types of armour.
You have claws for hands.
Your metabolism is lightning-fast.
You like to eat raw meat.
You heal very quickly.
You are covered in fur (AC +1).
You have very tough skin (AC +2).


Message History

The orc is lightly wounded.
The orc barely misses you. The orc warrior barely misses you.
The orc hits you but does no damage. The orc hits you with a short sword.
* * * LOW HITPOINT WARNING * * *
You hit the orc.
The orc is severely wounded.
The orc warrior hits you with a mace of draining!
* * * LOW HITPOINT WARNING * * *
You feel drained.
* * * LOW HITPOINT WARNING * * *
The orc barely misses you.
The orc loudly yells encouragement to no one in particular.
The orc hits you with a short sword.
* * * LOW HITPOINT WARNING * * *
Drink which item? (? for menu, Esc to quit)
It was a potion of flight.
You feel very buoyant.
You fly up into the air.
The orc hits you but does no damage.
The orc warrior hits you with a mace of draining!!
You die...

### ##.## # ##### ##.#.## ##
##...## ##.###.####. ...#..#
########### #.##.......#
#.....###......o@o# ##.#.#.####.
#.........#######o######.....####
#......#### #.......##.....###
#.....## #..####.#.......##
####.## #..## #.#.......## #.#
#...# #.#.......## #.# #...#
#o##.....## ##'## #...#
#.###...## ##...## #.#.# #.#
##.##


You could see an orc warrior and 2 orcs.

Vanquished Creatures
  Sigmund (D:5)
  Duvessa (D:4)
  A black bear (D:6)
  An orc warrior (D:3)
  2 phantoms
  2 eyes of draining (D:5)
  A big kobold (Sewer)
  Blork the orc (D:5)
  A giant frog (D:8)
  Dowan (D:4)
  A wyvern zombie (D:4)
  A scorpion (D:4)
  5 vampire bats (D:6)
  A jelly (D:6)
  An orc priest (D:4)
  A centaur skeleton (D:7)
  Crazy Yiuf (D:4)
  A giant frog skeleton (D:5)
  A gnoll shaman (D:4)
  4 hounds
  3 orc wizards (D:6)
  Natasha (twice) (D:3)
  3 worker ants
  2 hound zombies
  3 worker ant zombies
  9 adders
  12 gnolls
  2 river rats
  3 oozes
  An adder zombie (D:6)
  A worm (D:6)
  8 giant geckos
  10 orcs
  5 giant cockroaches
  10 goblins
  6 hobgoblins
  13 jackals
  8 kobolds
  3 quokkas
  3 ball pythons
  A ball python zombie (D:4)
  10 bats
  A giant cockroach zombie (D:4)
  10 giant newts
  A jackal zombie (D:4)
  14 rats
173 creatures vanquished.

Vanquished Creatures (others)
  A plant (D:4)
1 creature vanquished.

Grand Total: 174 creatures vanquished

Notes
Turn   | Place    | Note
--------------------------------------------------------------
     0 | D:1      | kosy22 the Troll Fighter began the quest for the Orb.
     0 | D:1      | Reached XP level 1. HP: 22/22 MP: 0/0
   160 | D:1      | Reached XP level 2. HP: 29/29 MP: 1/1
   848 | D:2      | Reached XP level 3. HP: 34/36 MP: 2/2
  1021 | D:2      | Found an iron altar of Okawaru.
  1113 | D:2      | Found a burning altar of Makhleb.
  1113 | D:2      | Noticed an Executioner
  1117 | D:2      | Noticed a neqoxec
  1117 | D:2      | Noticed an orange demon
  1227 | D:2      | Found a sacrificial altar of Ru.
  1337 | D:2      | Reached skill level 3 in Dodging
  1433 | D:2      | Reached XP level 4. HP: 30/44 MP: 3/3
  1766 | D:3      | Noticed Natasha
  1798 | D:3      | Killed Natasha
  1798 | D:3      | Reached XP level 5. HP: 30/52 MP: 4/4
  1872 | D:3      | Noticed an orc warrior
  1980 | D:3      | Killed an orc warrior
  1980 | D:3      | Reached skill level 4 in Dodging
  2348 | D:3      | Noticed Natasha
  2397 | D:3      | Killed Natasha
  2558 | D:4      | Reached XP level 6. HP: 56/61 MP: 5/5
  2619 | D:4      | Noticed Duvessa
  2619 | D:4      | Noticed Dowan
  2625 | D:4      | Killed Duvessa
  2636 | D:4      | Killed Dowan
  2751 | D:4      | Reached XP level 7. HP: 62/67 MP: 6/6
  3152 | D:4      | Noticed a phantom
  3168 | D:4      | Reached skill level 5 in Dodging
  3207 | D:4      | Killed a phantom
  3472 | D:4      | Got a jewelled quarterstaff
  3478 | D:4      | Identified the +7 quarterstaff of Sixoijac {holy, rC+ Str+4 Stlth+} (You found it on level 4 of the Dungeon)
  3649 | D:4      | Noticed Crazy Yiuf
  3653 | D:4      | Killed Crazy Yiuf
  3808 | D:5      | Entered Level 5 of the Dungeon
  3834 | D:5      | Reached XP level 8. HP: 73/78 MP: 7/7
  3854 | D:5      | Found a bloodstained altar of Trog.
  3868 | D:5      | Reached skill level 1 in Stealth
  3971 | D:5      | Noticed Blork the orc
  3989 | D:5      | Killed Blork the orc
  4152 | D:5      | Noticed Sigmund
  4155 | D:5      | Killed Sigmund
  4155 | D:5      | Reached skill level 1 in Staves
  4523 | D:6      | Found a staircase to the Ecumenical Temple.
  4540 | D:6      | Reached skill level 6 in Dodging
  4740 | D:6      | Found a snail-covered altar of Cheibriados.
  4740 | D:6      | Found a sparkling altar of Nemelex Xobeh.
  5001 | D:6      | Found a glowing drain.
  5026 | Sewer    | Entered a sewer
  5296 | Sewer    | Found a white marble altar of Elyvilon.
  5378 | D:6      | Found a stormy altar of Qazlal.
  5400 | D:6      | Became a worshipper of Qazlal Stormbringer
  5417 | D:6      | Reached XP level 9. HP: 87/87 MP: 8/8
  5422 | D:6      | Reached skill level 5 in Fighting
  5468 | D:6      | You fall through a shaft for 3 floors!
  5469 | D:9      | Found a shadowy altar of Dithmenos.
  5775 | D:7      | Found a white marble altar of Elyvilon.
  5865 | D:7      | Found a stormy altar of Qazlal.
  6499 | D:7      | Demolished by an orc warrior

Action                   |  1- 3 |  4- 6 |  7- 9 || total
-------------------------+-------+-------+-------++-------
Melee: Unarmed           |   117 |   152 |   120 ||   389
       Quarterstaff      |       |       |   195 ||   195
Throw: Throwing net      |       |     1 |       ||     1
  Use: Scroll            |       |       |     4 ||     4
       Potion            |       |       |     1 ||     1
 Stab: Sleeping          |       |       |     7 ||     7
       Invisible         |       |       |     1 ||     1
  Eat: Chunk             |     5 |     7 |    13 ||    25
       Bread ration      |     1 |     1 |     4 ||     6
       Meat ration       |       |     1 |       ||     1
       Royal jelly       |       |     1 |       ||     1
       Fruit             |       |     1 |       ||     1
